 Dungeon Crawl Stone Soup version 0.17-a0-1830-g81820eb (webtiles) character file.

158 enrike the Shooter (level 5, 0/41 HPs)
             Began as a Centaur Hunter on Sept 13, 2015.
             Slain by an iguana (4 damage)
             ... on level 4 of the Dungeon.
             The game lasted 00:21:46 (3372 turns).

enrike the Shooter (Centaur Hunter)                 Turns: 3372, Time: 00:21:46

Health: 0/41       AC:  5    Str: 16    XL:     5   Next: 16%
Magic:  5/5        EV:  8    Int: 10    God:
Gold:   118        SH:  0    Dex:  9    Spells: 0 memorised, 4 levels left

rFire  . . .     SeeInvis .     a - +1 shortbow
rCold  . . .     Clarity  .     l - +0 ring mail
rNeg   . . .     SustAt   .     (no shield)
rPois  .         Gourm    .     (no helmet)
rElec  .         Spirit   .     (no cloak)
rCorr  .         Warding  .     (no gloves)
rMut   .         Stasis   .     (no barding)
MR     .....                    (no amulet)
Stlth  ..........               (no ring)
                                (no ring)

@: lethally poisoned (0 -> -3), very quick, not resistant to hostile
enchantments, extremely unstealthy
A: hooves 3, deformed body, speed 2, tough skin 3
a: no special abilities


You were on level 4 of the Dungeon.
You were full.

You visited 1 branch of the dungeon, and saw 4 of its levels.

You collected 118 gold pieces.

Inventory:

Hand weapons
 a - a +1 shortbow (weapon)
 c - a +0 short sword
 f - a +0 hunting sling
 p - a +0 dagger of protection
 u - a +0 hunting sling
Missiles
 v - 53 stones
 A - 12 arrows (quivered)
Armour
 d - a +0 leather armour
 h - a +0 buckler
 l - a +0 ring mail (worn)
 q - a +0 leather armour
 y - a +2 pair of boots
Scrolls
 r - a scroll of teleportation
Potions
 b - a potion of curing {unknown}
 g - a potion of poison {unknown}
 k - 2 potions of magic {unknown}
 m - a potion of brilliance {unknown}
 n - a potion of lignification {unknown}
 o - a potion of degeneration {unknown}
 z - a potion of haste {unknown}
Comestibles
 e - a bread ration
 i - 2 slices of pizza
 j - a meat ration
 s - a beef jerky


   Skills:
 + Level 2.2 Fighting
 + Level 1.0 Slings
 + Level 7.4 Bows
 + Level 1.1 Armour
 + Level 1.8 Dodging
 + Level 0.6 Stealth


You had 4 spell levels left.
You didn't know any spells.

Dungeon Overview and Level Annotations

Branches:
Dungeon (4/15)
 Temple: D:4-7

Altars:
Elyvilon
Makhleb
Trog


Innate Abilities, Weirdness & Mutations

You have hooves in place of feet.
Armour fits poorly on your strangely shaped body.
You cover ground very quickly.
You have extremely tough skin (AC +3).


Message History

Press: ? - help, Shift-Dir - straight line, f - worker ant, p - iguana
Aim: a worker ant You shoot an arrow.
The arrow hits the worker ant.
The worker ant is moderately wounded.
You feel sick. The worker ant barely misses you.
You feel sick. The iguana bites you!
* * * LOW HITPOINT WARNING * * *
The worker ant bites you but does no damage.
You feel sick.
You feel sick. The worker ant barely misses you.
You open the door. The worker ant bites you.
* * * LOW HITPOINT WARNING * * *
* * * LOW HITPOINT WARNING * * *
You feel sick.
There is an open door here.
* * * LOW HITPOINT WARNING * * *
You feel sick.
You see here a rat skeleton.
The iguana bites you.
You die...

##+####+####+#......
......#...#......
.....+...##'#### #..# #..##.....
$######+####+##+###..###..##.....
.........#....+..÷...†††..##...##
.........#....#...........##...##
#...(((.(##..##.......+....##
#....##/.##.@##.......#)...##
#....###+##l.##..##.†.##....'
+........'a.÷##+###...##...##
#........##††##...+...##...##
#........##..##...#........##
#....##..##......####+##...##
#....##..##..##..##...##....'
#.....#...'...#'###...#.....#
+####.....'..####.#...#...+....##


You could see an iguana and a worker ant.

Vanquished Creatures
  A hound (D:3)
  A worker ant (D:4)
  A worker ant zombie (D:4)
  An adder (D:2)
  An ooze (D:1)
  2 orcs
  9 hobgoblins
  7 jackals (D:1)
  6 kobolds
  A quokka (D:4)
  A bat (D:1)
  5 giant cockroaches
  3 giant geckos
  16 goblins
  24 rats
79 creatures vanquished.

Notes
Turn   | Place    | Note
--------------------------------------------------------------
     0 | D:1      | enrike the Centaur Hunter began the quest for the Orb.
     0 | D:1      | Reached XP level 1. HP: 17/17 MP: 1/1
   249 | D:1      | Reached XP level 2. HP: 15/24 MP: 2/2
   265 | D:1      | Reached skill level 6 in Bows
   736 | D:1      | Reached XP level 3. HP: 29/29 MP: 3/3
  1020 | D:2      | Found a bloodstained altar of Trog.
  1407 | D:2      | Found a white marble altar of Elyvilon.
  2002 | D:3      | Found a burning altar of Makhleb.
  2116 | D:3      | Reached skill level 7 in Bows
  2116 | D:3      | Reached XP level 4. HP: 29/36 MP: 4/4
  2848 | D:4      | Reached skill level 1 in Armour
  2984 | D:4      | Reached skill level 1 in Slings
  2984 | D:4      | Reached XP level 5. HP: 33/41 MP: 5/5
  3372 | D:4      | Slain by an iguana

Vault maps used:
D:1:      eino_arrival_tree_alley
D:2:      elyvilon_altar_4, lemuel_crystal_altar
D:3:      kennysheep_the_goblin_king, makhleb_heckhound_becter,
          portal_sewer_entry_d
D:4:      minmay_rat_hole

Action                   |  1- 3 |  4- 6 || total
-------------------------+-------+-------++-------
Melee: Short sword       |    31 |    29 ||    60
       Hunting sling     |     2 |       ||     2
 Fire: Shortbow          |    99 |    90 ||   189
       Hunting sling     |    21 |       ||    21
Throw: Stone             |       |    17 ||    17
  Use: Potion            |     4 |     1 ||     5
       Scroll            |     3 |     2 ||     5
  Eat: Bread ration      |     1 |       ||     1
       Meat ration       |       |     1 ||     1
